 Dungeon Crawl Stone Soup version 0.21-a0-278-ga722497 (webtiles) character file.

100 Cecky the Slasher (level 4, -1/35 HPs)
             Began as a Demonspawn Gladiator on Sept 22, 2017.
             Slain by a gnoll
             ... wielding a +0 spear
              (5 damage)
             ... on level 3 of the Dungeon.
             The game lasted 00:05:11 (2937 turns).

Cecky the Slasher (Demonspawn Gladiator)            Turns: 2937, Time: 00:05:11

Health: -1/35      AC:  9    Str: 15    XL:     4   Next: 46%
Magic:  4/4        EV: 10    Int:  9    God:
Gold:   128        SH:  0    Dex: 15    Spells: 3/3 levels left

rFire    . . .     SeeInvis .   a - +0 long sword
rCold    . . .     Gourm    .   (no shield)
rNeg     . . .     Faith    .   m - +0 chain mail
rPois    .         Spirit   .   c - +0 helmet
rElec    .         Reflect  .   (no cloak)
rCorr    .         Harm     .   (no gloves)
MR       .....                  (no boots)
Stlth    ..........             (no amulet)
HPRegen  0.11/turn              p - +2 ring of evasion
MPRegen  0.09/turn              (no ring)

@: no status effects
A: demonic guardian 1, sturdy frame 1
a: no special abilities


You were on level 3 of the Dungeon.
You were not hungry.

You visited 1 branch of the dungeon, and saw 3 of its levels.

You collected 128 gold pieces.

Inventory:

Hand Weapons
 a - a +0 long sword (weapon)
Missiles
 d - 4 throwing nets (quivered)
Armour
 c - a +0 helmet (worn)
 m - a +0 chain mail (worn)
Jewellery
 p - a +2 ring of evasion (left hand)
 v - an uncursed ring of protection from cold {unknown}
Scrolls
 b - a scroll of magic mapping
 e - a scroll of identify
 h - a scroll of blinking {unknown}
 j - a scroll of fog {unknown}
 k - 2 scrolls of amnesia {unknown}
 l - a scroll of remove curse {unknown}
Potions
 g - a potion of degeneration {unknown}
 n - 2 potions of curing {unknown}
 o - a potion of haste {unknown}
 q - 2 potions of lignification {unknown}
 r - a potion of resistance {unknown}
Comestibles
 f - 2 bread rations
 i - a meat ration
 s - 3 chunks of flesh
 t - 5 fruits
 u - a royal jelly


   Skills:
 + Level 3.2 Fighting
 + Level 4.1 Long Blades
 - Level 1.7 Throwing
 - Level 2.7 Dodging
 + Level 0.2 Stealth


You had 3 spell levels left.
You didn't know any spells.

Dungeon Overview and Level Annotations

Branches:
Dungeon (3/15)

Altars:


Innate Abilities, Weirdness & Mutations

A weak demonic guardian rushes to your aid.
Your movements are slightly less encumbered by armour. (ER -2)


Message History

The puff of frost hits the worm.
The worm dies!
Your white imp hits the gnoll.
Your white imp freezes the gnoll.
The gnoll closely misses your white imp.
Your white imp gestures at the gnoll.
The puff of frost hits the gnoll.
The gnoll hits your white imp with a club.
Your white imp dies!
The gnoll closely misses you. x2
The gnoll hits you with a halberd. The gnoll closely misses you.
You hit the gnoll.
The gnoll is heavily wounded.
The gnoll completely misses you.
You riposte.
You barely miss the gnoll.
The gnoll is almost dead.
The gnoll hits you with a halberd!
* * * LOW HITPOINT WARNING * * *
Your chain mail prevents you from hitting the gnoll.
The gnoll is heavily wounded.
The gnoll hits you with a spear.
You die...

*,* *,* **************,##**
*,,,,,,,,,,,,,..,,,
*,***********,.#*** ###
####+######## *..# ###.######
#...........####..###* .........#
#.....g..............,
###......###....@g............#**
#......#.......g)....#......#
#......#.............#.###..#
#.######...............g.#..#
###.################+#.#.#.#..###
...........,,,,,,,,.........>....
###........,,,,****#.............
**#########***,* #.....#.....#.
,,,,,,,,,,,,,<,* #..###...#....


You could see 3 gnolls.

Vanquished Creatures
  Terence (D:2)
  An adder (D:3)
  An ooze (D:3)
  5 worms
  A dart slug (D:1)
  8 bats
  4 giant cockroaches
  6 goblins
  5 hobgoblins
  5 kobolds
  A frilled lizard (D:2)
  7 rats
45 creatures vanquished.

Vanquished Creatures (collateral kills)
  A worm (D:3)
1 creature vanquished.

Grand Total: 46 creatures vanquished

Notes
Turn   | Place    | Note
-------+----------+-------------------------------------------
     0 | D:1      | Cecky the Demonspawn Gladiator began the quest for the Orb.
     0 | D:1      | Reached XP level 1. HP: 16/16 MP: 1/1
   157 | D:1      | Reached skill level 3 in Long Blades
   159 | D:1      | Gained mutation: A weak demonic guardian rushes to your aid. [demonic ancestry]
   159 | D:1      | Reached XP level 2. HP: 19/22 MP: 2/2
   937 | D:2      | Gained mutation: Your movements are slightly less encumbered by armour. (ER -2) [demonic ancestry]
   937 | D:2      | Reached XP level 3. HP: 27/28 MP: 3/3
  1521 | D:2      | Noticed Terence
  1541 | D:2      | Killed Terence
  1975 | D:2      | Reached XP level 4. HP: 35/35 MP: 4/4
  2741 | D:3      | Reached skill level 4 in Long Blades
  2937 | D:3      | Slain by a gnoll

Vault maps used:
D:1:      shiori_angband_town, minmay_tree_intersection
D:2:      uniq_terence

Skill      XL: |  1  2  3  4 |
---------------+-------------+-----
Long Blades    | 3 4 |  4.1
Fighting       | 3 |  3.2
Throwing       | |  1.7
Dodging        | |  2.7
Stealth        | |  0.2

Action                   |  1- 3 |  4- 6 || total
-------------------------+-------+-------++-------
Melee: Long sword        |   104 |    48 ||   152
  Use: Scroll            |       |     2 ||     2
  Eat: Chunk             |     2 |       ||     2
       Bread ration      |       |     1 ||     1
Armor: Leather armour    |     9 |       ||     9
       Ring mail         |    19 |       ||    19
       Chain mail        |    14 |    20 ||    34
Dodge: Dodged            |    61 |    27 ||    88
       Rpst.: Long sword |    16 |     7 ||    23

Table legend:
 A = Spawn XP
 B = Non-spawn XP
 C = Spawn XP percentage of total XP
 D = Spawn monster count
 E = Non-spawn monster count
 F = Spawn count percentage of total count
 G = Total turns spent on level
                    A         B        C        D         E        F      G
               +---------+---------+-------+---------+---------+-------+---------
         Total |       0 |     143 |   0.0 |       0 |      46 |   0.0 |  2937
               +---------+---------+-------+---------+---------+-------+---------
           D:1 |       0 |      37 |   0.0 |       0 |      21 |   0.0 |  1133
           D:2 |       0 |      61 |   0.0 |       0 |      11 |   0.0 |  1086
           D:3 |       0 |      45 |   0.0 |       0 |      14 |   0.0 |   718
               +---------+---------+-------+---------+---------+-------+---------
